| TOP OF THE 1ST |
|---|
| UCLA Bruins batting - Pitching for Missouri Tigers : RHP Justin Edge | | Pitching: RHP Justin Edge | | | Batting: RHB Marty Bradnock | 0-0: SINGLE (Groundball, 2L) (infield hit) | | Batting: RHB Jonathan Martz | 0-0: Ball 1-0: Grounds into double play, 6-4-3 (Groundball, 6MD) | | Batting: RHB Adam VandeHei | 0-0: Ball 1-0: Ball 2-0: Ball 3-0: Called Strike 3-1: Foul Ball, location: 2F 3-2: Strikes out swinging | | Top of the 1st over - 0 runs, 1 hit, 0 errors, 0 left on base; UCLA 0 - Missouri 0 | | BOTTOM OF THE 1ST |
|---|
| Missouri Tigers batting - Pitching for UCLA Bruins : RHP Rafael Berumen | | Pitching: RHP Rafael Berumen | | | Batting: RHB Casey Sampson | 0-0: Ball 1-0: Called Strike 1-1: Ball 2-1: Foul Ball, location: 2F 2-2: Foul Ball, location: 2F 2-2: Ground out 6-3 (Groundball, 6) | | Batting: LHB Ismael Woodward | 0-0: Ball 1-0: Foul Ball, location: 2F 1-1: Foul Ball, location: 2F 1-2: Strikes out swinging | | Batting: LHB Jared Spring | 0-0: Fly out, F9 (Flyball, 9) | | Bottom of the 1st over - 0 runs, 0 hits, 0 errors, 0 left on base; UCLA 0 - Missouri 0 | | TOP OF THE 2ND |
|---|
| UCLA Bruins batting - Pitching for Missouri Tigers : RHP Justin Edge | | Batting: RHB Bill Cuadra | 0-0: Fly out, F9 (Line Drive, 9D) | | Batting: LHB Brad Aley | 0-0: Ball 1-0: Foul Ball, location: 2F 1-1: Swinging Strike 1-2: Ball 2-2: Foul Ball, location: 2F 2-2: Strikes out swinging | | Batting: RHB Kevin Stewart | 0-0: Ball 1-0: Foul Ball, location: 2F 1-1: Swinging Strike 1-2: SINGLE (Groundball, 4MD) | | Batting: RHB Sincere Roberson | 0-0: Ball 1-0: Swinging Strike 1-1: Swinging Strike 1-2: Ball 2-2: Foul Ball, location: 2F 2-2: Strikes out swinging | | Top of the 2nd over - 0 runs, 1 hit, 0 errors, 1 left on base; UCLA 0 - Missouri 0 | | BOTTOM OF THE 2ND |
|---|
| Missouri Tigers batting - Pitching for UCLA Bruins : RHP Rafael Berumen | | Batting: RHB Russell Schraner | 0-0: Fly out, F7 (Flyball, 7LMF) | | Batting: RHB Jamie Bean | 0-0: Ball 1-0: Fly out, F3 (Popup, 3SF) | | Batting: RHB Bryce Levesque | 0-0: Foul Ball, location: 2F 0-1: SINGLE (Line Drive, 34) | | Batting: RHB Alex Swain | 0-0: Ball Wild Pitch! Bryce Levesque to second 1-0: Foul Ball, location: 2F 1-1: Ball 2-1: Called Strike 2-2: Ball 3-2: Foul Ball, location: 2F 3-2: Foul Ball, location: 2F 3-2: Ground out 3-1 (Groundball, 34S) | | Bottom of the 2nd over - 0 runs, 1 hit, 0 errors, 1 left on base; UCLA 0 - Missouri 0 | | TOP OF THE 3RD |
|---|
| UCLA Bruins batting - Pitching for Missouri Tigers : RHP Justin Edge | | Batting: SHB Zach Rector | 0-0: Ball 1-0: Called Strike 1-1: Ball 2-1: SINGLE (Groundball, 6MD) | | Batting: RHB Nick Myers | 0-0: Called Strike 0-1: Ball 1-1: Ball 2-1: Ball 3-1: Called Strike 3-2: Foul Ball, location: 2F 3-2: Base on Balls Zach Rector to second | | Batting: RHB Marty Bradnock | 0-0: Called Strike 0-1: Swinging Strike 0-2: Ground out 5-3 (Groundball, 56S) Zach Rector to third Nick Myers to second | | Batting: RHB Jonathan Martz | 0-0: Swinging Strike 0-1: Ball 1-1: Foul Ball, location: 2F 1-2: Foul Ball, location: 2F 1-2: Foul Ball, location: 2F 1-2: Strikes out looking | | Batting: RHB Adam VandeHei | 0-0: Called Strike 0-1: Ball 1-1: Ball 2-1: Called Strike 2-2: Fly out, F8 (Flyball, 8RD) | | Top of the 3rd over - 0 runs, 1 hit, 0 errors, 2 left on base; UCLA 0 - Missouri 0 | | BOTTOM OF THE 3RD |
|---|
| Missouri Tigers batting - Pitching for UCLA Bruins : RHP Rafael Berumen | | Batting: RHB Shawn Minor | 0-0: Called Strike 0-1: Called Strike 0-2: Ball 1-2: Strikes out swinging | | Batting: RHB Ryan Grieme | 0-0: Ball 1-0: Ball 2-0: Foul Ball, location: 2F 2-1: Ground out 6-3 (Groundball, 6) | | Batting: RHB Casey Sampson | 0-0: Fly out, F9 (Line Drive, 9) | | Bottom of the 3rd over - 0 runs, 0 hits, 0 errors, 0 left on base; UCLA 0 - Missouri 0 | | TOP OF THE 4TH |
|---|
| UCLA Bruins batting - Pitching for Missouri Tigers : RHP Justin Edge | | Batting: RHB Bill Cuadra | 0-0: Called Strike 0-1: Ball 1-1: Ball 2-1: Ball 3-1: Called Strike 3-2: Ground out 5-3 (Groundball, 56S) | | Batting: LHB Brad Aley | 0-0: Called Strike 0-1: Ball 1-1: Called Strike 1-2: Foul Ball, location: 2F 1-2: Foul Ball, location: 2F 1-2: Foul Ball, location: 2F 1-2: Strikes out swinging | | Batting: RHB Kevin Stewart | 0-0: Ball 1-0: Called Strike 1-1: Ball 2-1: Swinging Strike 2-2: Ground out 5-3 (Groundball, 5L) | | Top of the 4th over - 0 runs, 0 hits, 0 errors, 0 left on base; UCLA 0 - Missouri 0 | | BOTTOM OF THE 4TH |
|---|
| Missouri Tigers batting - Pitching for UCLA Bruins : RHP Rafael Berumen | | Batting: LHB Ismael Woodward | 0-0: Foul Ball, location: 2F 0-1: Ball 1-1: Fly out, F9 (Flyball, 9LS) | | Batting: LHB Jared Spring | 0-0: Called Strike 0-1: Ball 1-1: Ball 2-1: Fly out, F4 (Line Drive, 34) | | Batting: RHB Russell Schraner | 0-0: Called Strike 0-1: Fly out, F9 (Flyball, 9S) | | Bottom of the 4th over - 0 runs, 0 hits, 0 errors, 0 left on base; UCLA 0 - Missouri 0 | | TOP OF THE 5TH |
|---|
| UCLA Bruins batting - Pitching for Missouri Tigers : RHP Justin Edge | | Batting: RHB Sincere Roberson | 0-0: Ball 1-0: Called Strike 1-1: Ball 2-1: Foul Ball, location: 2F 2-2: Foul Ball, location: 2F 2-2: Ground out 4-3 (Groundball, 34) | | Batting: SHB Zach Rector | 0-0: Called Strike 0-1: Foul Ball, location: 2F 0-2: Ball 1-2: Ball 2-2: Ball 3-2: Foul Ball, location: 2F 3-2: Base on Balls | | Batting: RHB Nick Myers | 0-0: Ball 1-0: Fielders Choice at 2nd, 4-6 (Groundball, 4) | | Batting: RHB Marty Bradnock | 0-0: Ball 1-0: Called Strike 1-1: Swinging Strike 1-2: Ball Wild Pitch! Nick Myers to second 2-2: Foul Ball, location: 2F 2-2: Ball 3-2: Strikes out swinging | | Top of the 5th over - 0 runs, 0 hits, 0 errors, 1 left on base; UCLA 0 - Missouri 0 | | BOTTOM OF THE 5TH |
|---|
| Missouri Tigers batting - Pitching for UCLA Bruins : RHP Rafael Berumen | | Batting: RHB Jamie Bean | 0-0: Foul Ball, location: 2F 0-1: Ball 1-1: Fly out, F4 (Popup, 34) | | Batting: RHB Bryce Levesque | 0-0: Ground out 4-3 (Groundball, 4) | | Batting: RHB Alex Swain | 0-0: Ball 1-0: Foul Ball, location: 2F 1-1: Ball 2-1: Fly out, F4 (Line Drive, 34D) | | Bottom of the 5th over - 0 runs, 0 hits, 0 errors, 0 left on base; UCLA 0 - Missouri 0 | | TOP OF THE 6TH |
|---|
| UCLA Bruins batting - Pitching for Missouri Tigers : RHP Justin Edge | | Batting: RHB Jonathan Martz | 0-0: Ground out 5-3 (Groundball, 56) | | Batting: RHB Adam VandeHei | 0-0: Foul Ball, location: 2F 0-1: Ball 1-1: Ball 2-1: Fly out, F2 (Popup, 2LF) | | Batting: RHB Bill Cuadra | 0-0: Called Strike 0-1: Foul Ball, location: 2F 0-2: Foul Ball, location: 2F 0-2: Foul Ball, location: 2F 0-2: Strikes out looking | | Top of the 6th over - 0 runs, 0 hits, 0 errors, 0 left on base; UCLA 0 - Missouri 0 | | BOTTOM OF THE 6TH |
|---|
| Missouri Tigers batting - Pitching for UCLA Bruins : RHP Rafael Berumen | | Batting: RHB Shawn Minor | 0-0: Called Strike 0-1: Foul Ball, location: 2F 0-2: Ground out 1-3 (Groundball, 13) | | Batting: RHB Ryan Grieme | 0-0: Ground out 5-3 (Groundball, 56) | | Batting: RHB Casey Sampson | 0-0: Ball 1-0: Called Strike 1-1: Swinging Strike 1-2: Fly out, F5 (Line Drive, 56) | | Bottom of the 6th over - 0 runs, 0 hits, 0 errors, 0 left on base; UCLA 0 - Missouri 0 | | TOP OF THE 7TH |
|---|
| UCLA Bruins batting - Pitching for Missouri Tigers : RHP Justin Edge | | Batting: LHB Brad Aley | 0-0: Called Strike 0-1: Foul Ball, location: 2F 0-2: Foul Ball, location: 2F 0-2: Ball 1-2: Ball 2-2: Foul Ball, location: 2F 2-2: Fly out, F3 (Popup, 3SF) | | Batting: RHB Kevin Stewart | 0-0: Called Strike 0-1: Foul Ball, location: 2F 0-2: Ball 1-2: Strikes out swinging | | Batting: RHB Sincere Roberson | 0-0: Ball 1-0: Ball 2-0: Ball 3-0: Called Strike 3-1: Swinging Strike 3-2: Fly out, F7 (Flyball, 78S) | | Top of the 7th over - 0 runs, 0 hits, 0 errors, 0 left on base; UCLA 0 - Missouri 0 | | BOTTOM OF THE 7TH |
|---|
| Missouri Tigers batting - Pitching for UCLA Bruins : RHP Rafael Berumen | | Batting: LHB Ismael Woodward | 0-0: Called Strike 0-1: Called Strike 0-2: Ball 1-2: Ball 2-2: Foul Ball, location: 2F 2-2: Fly out, F5 (Line Drive, 56) | | Batting: LHB Jared Spring | 0-0: Ball 1-0: Ball 2-0: Called Strike 2-1: Ball 3-1: Called Strike 3-2: Foul Ball, location: 2F 3-2: Base on Balls | | Batting: RHB Russell Schraner | 0-0: Ball 1-0: Ball 2-0: DOUBLE (Flyball, 8RD) Jared Spring to third Runner from 3rd tries for Home, SAFE, no throw | | Batting: RHB Jamie Bean | 0-0: Foul Ball, location: 2F 0-1: Ball 1-1: Ball 2-1: Ball 3-1: Foul Ball, location: 2F 3-2: Base on Balls | | Batting: RHB Bryce Levesque | 0-0: Ball Passed Ball! Russell Schraner to third Jamie Bean to second 1-0: Ball 2-0: Called Strike 2-1: Ball 3-1: Foul Ball, location: 2F 3-2: Base on Balls | | Batting: RHB Alex Swain | 0-0: Foul Ball, location: 2F 0-1: Ball 1-1: Ball 2-1: Ball 3-1: SINGLE (Line Drive, 56D) Russell Schraner scores Jamie Bean to third Bryce Levesque to second | | Batting: RHB Shawn Minor | 0-0: Ball 1-0: Ball Wild Pitch! Jamie Bean scores Bryce Levesque to third Alex Swain to second 2-0: Called Strike 2-1: Ball 3-1: Ground out 6-3 (Groundball, 6) | | Batting: RHB Ryan Grieme | 0-0: Ball 1-0: Ground out 4-3 (Groundball, 4MS) | | Bottom of the 7th over - 3 runs, 2 hits, 0 errors, 2 left on base; UCLA 0 - Missouri 3 | | TOP OF THE 8TH |
|---|
| UCLA Bruins batting - Pitching for Missouri Tigers : RHP Justin Edge | | Now in LF: Robbie Daly | | | Batting: SHB Zach Rector | 0-0: Ball 1-0: SINGLE (Groundball, 6MD) | | Pitching: RHP Ricky Rodriguez | | | Batting: RHB Nick Myers | 0-0: Foul Ball, location: 2F 0-1: Ball 1-1: Ball 2-1: Swinging Strike 2-2: Ball 3-2: Base on Balls Zach Rector to second | | Batting: RHB Marty Bradnock | 0-0: Swinging Strike 0-1: Grounds into double play, 6-4-3 (Groundball, 6) Zach Rector to third | | Batting: RHB Jonathan Martz | 0-0: Ball 1-0: Swinging Strike 1-1: Called Strike 1-2: Ground out 6-3 (Groundball, 56D) | | Top of the 8th over - 0 runs, 1 hit, 0 errors, 1 left on base; UCLA 0 - Missouri 3 | | BOTTOM OF THE 8TH |
|---|
| Missouri Tigers batting - Pitching for UCLA Bruins : RHP Rafael Berumen | | Batting: RHB Casey Sampson | 0-0: Ball 1-0: Ball 2-0: Ball 3-0: Called Strike 3-1: Reached on error, E3 (Groundball, 34) | | Batting: LHB Ismael Woodward | 0-0: Called Strike 0-1: Sac Bunt - play at first, batter OUT! 1-3 Casey Sampson to second | | Batting: LHB Jared Spring | 0-0: Ball 1-0: Ground out 4-3 (Groundball, 4M) Casey Sampson to third | | Batting: RHB Russell Schraner | 0-0: Ball 1-0: Swinging Strike 1-1: Foul Ball, location: 2F 1-2: Ground out 4-3 (Groundball, 34) | | Bottom of the 8th over - 0 runs, 0 hits, 1 error, 1 left on base; UCLA 0 - Missouri 3 | | TOP OF THE 9TH |
|---|
| UCLA Bruins batting - Pitching for Missouri Tigers : RHP Ricky Rodriguez | | Batting: RHB Adam VandeHei | 0-0: Swinging Strike 0-1: Foul Ball, location: 2F 0-2: Foul Ball, location: 2F 0-2: Ball 1-2: Ball 2-2: Ball 3-2: SOLO HOME RUN (Flyball, 7LD), Distance : 342 ft | | Batting: RHB Bill Cuadra | 0-0: Ball 1-0: Called Strike 1-1: Swinging Strike 1-2: SINGLE (Flyball, 89S) | | Batting: LHB Brad Aley | 0-0: Swinging Strike 0-1: Ball 1-1: Ball 2-1: Ball 3-1: Base on Balls Bill Cuadra to second | | Batting: RHB Kevin Stewart | 0-0: Ball 1-0: Foul Ball, location: 2F 1-1: Foul Ball, location: 2F 1-2: Ball 2-2: Fly out, F9 (Line Drive, 9) | | Batting: RHB Sincere Roberson | 0-0: Foul Ball, location: 2F 0-1: Called Strike 0-2: Ball 1-2: Strikes out swinging | | Pitching: RHP Luis Quintero | | | Batting: SHB Zach Rector | 0-0: Ball 1-0: Ball 2-0: Called Strike 2-1: Fly out, F8 (Flyball, 8LD) | | Top of the 9th over - 1 run, 2 hits, 0 errors, 2 left on base; UCLA 1 - Missouri 3 | |